 Dungeon Crawl Stone Soup version 0.18.1-48-g4cf74bf (webtiles) character file.

81 Inkary the Ruffian (level 4, -4/41 HPs)
             Began as a Minotaur Monk on Sept 9, 2016.
             Slain by Nukog's ghost (12 damage)
             ... on level 3 of the Dungeon.
             The game lasted 00:02:57 (1632 turns).

Inkary the Ruffian (Minotaur Monk)                  Turns: 1632, Time: 00:02:58

Health: -4/41      AC:  2    Str: 16    XL:     4   Next: 19%
Magic:  3/3        EV: 14    Int:  7    God:
Gold:   93         SH:  0    Dex: 13    Spells: 0 memorised, 3 levels left

rFire  . . .     SeeInvis .       - Unarmed
rCold  . . .     Gourm    .     a - +0 robe
rNeg   . . .     Faith    .     (no shield)
rPois  .         Spirit   .     (helmet restricted)
rElec  .         Dismiss  .     (no cloak)
rCorr  .         Reflect  .     (no gloves)
SustAt .         Harm     .     (no boots)
MR     .....                    (no amulet)
Stlth  ++........               (no ring)
                                (no ring)

@: not resistant to hostile enchantments, unstealthy
A: retaliatory headbutt, horns 2
a: no special abilities


You were on level 3 of the Dungeon.
You were not hungry.

You visited 1 branch of the dungeon, and saw 3 of its levels.

You collected 93 gold pieces.

Inventory:

Armour
 a - a +0 robe (worn)
 d - a +0 buckler
Jewellery
 h - an uncursed ring of poison resistance {unknown}
 m - a +5 amulet of reflection {unknown}
Scrolls
 c - 2 scrolls of identify {unknown}
 f - a scroll of teleportation {unknown}
 g - a scroll of random uselessness {unknown}
 k - a scroll of immolation {unknown}
 n - a scroll of amnesia {unknown}
 o - a scroll of remove curse {unknown}
Potions
 e - a potion of ambrosia {unknown}
 i - a potion of flight {unknown}
Comestibles
 b - a bread ration
 j - a meat ration
 l - a slice of pizza
 p - 4 chunks of flesh


   Skills:
 + Level 4.6 Fighting
 + Level 4.1 Dodging
 - Level 1.7 Stealth
 + Level 5.0 Unarmed Combat


You had 3 spell levels left.
You didn't know any spells.

Dungeon Overview and Level Annotations

Branches:
Dungeon (3/15)

Altars:
Nemelex Xobeh

Annotations:
D:3 Grinder; Nukog's ghost, amateur OgWn


Innate Abilities, Weirdness & Mutations

You reflexively headbutt those who attack you in melee.
You have a pair of horns on your head.


Message History

You see here a ring mail.
You enter the shallow water.
Moving in this stuff is going to be slow.
Things that are here:
a stone; a short sword; a kobold skeleton
There is a stone staircase leading down here.
You climb downwards.
Level annotation: Grinder; Nukog's ghost, amateur OgWn Nukog's ghost hits you!
There is a stone staircase leading up here.
You hit Nukog's ghost.
Nukog's ghost is lightly damaged.
Nukog's ghost closely misses you.
You hit Nukog's ghost but do no damage. Your headbutt misses Nukog's ghost.
Nukog's ghost is lightly damaged.
Nukog's ghost hits you.
* * * LOW HITPOINT WARNING * * *
Unknown command.
Nukog's ghost hits you!
You die...

............
#..........
#..........
#..........
#...##..... #
#...# ### #.
#...#
###..#######.###
#....†..@....#
...#####W######
####...#
#...÷#...#
#...........#
#....#####.###
#...## ... ...#
#.# ### ..


You could see Nukog's ghost.

Vanquished Creatures
  Ijyb (D:2)
  2 adders
  An ooze (D:2)
  2 worms (D:2)
  A dart slug (D:2)
  A giant gecko (D:2)
  2 bats
  2 giant cockroaches
  3 hobgoblins (D:1)
  5 kobolds
  A giant newt (D:2)
  3 goblins
  A rat (D:2)
25 creatures vanquished.

Notes
Turn   | Place    | Note
--------------------------------------------------------------
     0 | D:1      | Inkary the Minotaur Monk began the quest for the Orb.
     0 | D:1      | Reached XP level 1. HP: 19/19 MP: 0/0
   675 | D:2      | Reached XP level 2. HP: 27/27 MP: 1/1
   913 | D:2      | Noticed Ijyb
   924 | D:2      | Killed Ijyb
   924 | D:2      | Reached XP level 3. HP: 22/34 MP: 2/2
  1099 | D:2      | Reached skill level 5 in Unarmed Combat
  1230 | D:2      | Found a sparkling altar of Nemelex Xobeh.
  1298 | D:2      | Reached XP level 4. HP: 30/41 MP: 3/3
  1468 | D:3      | Noticed Nukog's ghost (amateur OgWn)
  1471 | D:3      | Noticed Grinder
  1632 | D:3      | Slain by Nukog's ghost

Skill      XL: |  1  2  3 |
---------------+----------+-----
Fighting       | 4 |  4.6
Unarmed Combat | 5 |  5.0
Dodging        | 4 |  4.1
Stealth        | |  1.7

Action                   |  1- 3 |  4- 6 || total
-------------------------+-------+-------++-------
Melee: Unarmed           |    68 |    13 ||    81
       Headbutt          |    11 |     5 ||    16
       Punch             |     1 |       ||     1
 Stab: Sleeping          |     2 |       ||     2
  Eat: Chunk             |       |     2 ||     2
Armor: Robe              |    13 |     1 ||    14
Dodge: Dodged            |    33 |     3 ||    36
